 Dungeon Crawl Stone Soup version 0.32-a0-485-g70f7560 (webtiles) character file.

Game seed: 8298817736124019147

186 Remcycle the Ruffian (level 5, -7/50 HPs)
             Began as a Troll Monk on Feb 26, 2024.
             Mangled by Blork the orc
             ... wielding a +0 heavy hand axe
              (10 damage)
             ... on level 4 of the Dungeon.
             The game lasted 00:04:57 (2045 turns).

Remcycle the Ruffian (Troll Monk)                   Turns: 2045, Time: 00:04:58

Health: -7/50      AC:  4    Str: 16    XL:     5   Next: 38%
Magic:  4/4        EV: 11    Int:  6    God:
Gold:   124        SH:  0    Dex: 21    Spells: 4/4 levels left

rFire   . .          .
                       - Unarmed
rCold   . . .        d - orb {light}
rNeg    + . .        b - +0 robe
rPois   .            (helmet restricted)
rElec   .            (no cloak)
rCorr   .            (gloves unavailable)
SInv    +            (boots unavailable)
Will    .....        j - amulet of Vitsumaj {RegenMP rN+ Regen+ Str-5 Dex+3}
Stlth   +            l - ring of see invisible
HPRegen 1.88/turn    m - +6 ring of dexterity
MPRegen 0.49/turn

%: no passive effects
@: confused, glowing
A: large, unfitting armour, claws 3, regeneration 1, shaggy fur 1, tough skin 1
a: no special abilities


You were on level 4 of the Dungeon.
You visited 1 branch of the dungeon, and saw 4 of its levels.

You collected 124 gold pieces.

Inventory:

Hand Weapons
 a - a +0 mace
Armour
 b - a +0 robe (worn)
 d - an orb of light (worn)
Jewellery
 j - the amulet of Vitsumaj (around neck) {RegenMP rN+ Regen+ Str-5 Dex+3}
   (You found it on level 2 of the Dungeon)

   [amulet of magic regeneration]

   RegenMP:   It increases your rate of magic regeneration.
   Str-5:     It affects your strength (-5).
   Dex+3:     It affects your dexterity (+3).
   rN+:       It protects you from negative energy.
   Regen+:    It increases your rate of health regeneration.
 l - a ring of see invisible (left claw)
 m - a +6 ring of dexterity (right claw)
Scrolls
 e - a scroll of brand weapon {unknown}
 f - 2 scrolls of enchant weapon {unknown}
 g - 2 scrolls of torment {unknown}
 k - 2 scrolls of poison {unknown}
 o - a scroll of immolation {unknown}
 p - a scroll of silence {unknown}
Potions
 c - a potion of ambrosia
 h - 2 potions of curing {unknown}
 i - a potion of berserk rage {unknown}
 n - a potion of attraction {unknown}


   Skills:
 - Level 2.4 Fighting
 - Level 2.6 Maces & Flails
 - Level 2.4 Dodging
 + Level 5.2 Unarmed Combat


You had 4 spell levels left.
You didn't know any spells.
Your spell library contained the following spells:

 Spells                   Type           Power      Damage    Failure   Level
 Call Canine Familiar     Summ           0%         N/A       83%         3
 Sigil of Binding         Hex            0%         N/A       83%         3
 Animate Dead             Necr           0%         N/A       99%         4
 Dimensional Bullseye     Hex/Tloc       0%         N/A       99%         4
 Haunt                    Necr/Summ      0%         N/A       100%        7
 Infestation              Necr           0%         N/A       100%        8


Dungeon Overview and Level Annotations

Branches:
Dungeon (4/15)
 Temple: D:4-7

Altars:
Sif Muna

Shops:
D:2 =

Annotations:
D:4 Blork the orc


Innate Abilities, Weirdness & Mutations

You are too large for most types of armour.
You have claws for hands.
Your natural rate of healing is unusually fast.
You are covered in fur. (AC +1)
You have tough skin. (AC +1)


Message History

You bump into the rock wall.
The orc wizard hits you with a +0 dagger.
The orc closely misses you. The orc wizard barely misses you.
You claw the orc!
You kill the orc!
An endoplasm comes into view.
The orc wizard hits you with a +0 dagger.
The orc wizard casts a spell at you. The puff of flame hits you!
The endoplasm quivers.
You claw Blork the orc!
Blork the orc is moderately wounded.
The orc wizard points at you and mumbles some strange words.
You are more confused.
The orc wizard hits you with a +0 dagger.
Blork the orc hits you with a +0 heavy hand axe!
You barely miss Blork the orc.
Blork the orc is moderately wounded.
The orc wizard gestures at you while chanting.
The puff of flame hits you! The orc wizard closely misses you.
Blork the orc closely misses you.
You bump into the rock wall.
The orc wizard hits you with a +0 dagger. x2
* * * LOW HITPOINT WARNING * * *
You're too confused to move!
The orc wizard barely misses you.
Blork the orc gestures wildly while chanting.
Blork the orc seems to speed up.
The orc wizard hits you with a +0 dagger.
* * * LOW HITPOINT WARNING * * *
You barely miss the orc wizard.
Blork the orc hits you with a +0 heavy hand axe!
* * * LOW HITPOINT WARNING * * *
The orc wizard hits you with a +0 dagger.
* * * LOW HITPOINT WARNING * * *
The orc wizard hits you with a +0 dagger.
* * * LOW HITPOINT WARNING * * *
You claw the orc wizard!
You kill the orc wizard!
Blork the orc hits you with a +0 heavy hand axe!
You die...

... .). ### ..#
....########..##.
#......>.......
#...o)......>..
#..Jo@.........
#.#'###<...### ..
###### #. #. #. .


You could see Blork the orc (fast), an orc wizard and an endoplasm.

Vanquished Creatures
  An ogre (D:3)
  An orc wizard (D:4)
  3 adders
  3 dart slugs (D:1)
  7 orcs
  4 ball pythons
  5 bats
  4 endoplasms
  8 goblins
  7 hobgoblins
  3 jackals (D:2)
  A quokka (D:3)
  2 frilled lizards (D:2)
  3 kobolds
  5 rats
57 creatures vanquished.

Notes
Turn   | Place    | Note
-------+----------+-------------------------------------------
     0 | D:1      | Remcycle the Troll Monk began the quest for the Orb.
     0 | D:1      | Reached XP level 1. HP: 22/22 MP: 0/0
    79 | D:1      | Reached skill level 1 in Unarmed Combat
   100 | D:1      | Reached XP level 2. HP: 29/29 MP: 1/1
   192 | D:1      | Reached skill level 2 in Unarmed Combat
   889 | D:2      | Reached XP level 3. HP: 36/36 MP: 2/2
   919 | D:2      | Identified the amulet of Vitsumaj {RegenMP rN+ Regen+ Str-5
                  | Dex+3}
   962 | D:2      | Reached skill level 3 in Unarmed Combat
  1074 | D:2      | Found Urchipaac's Jewellery Shop.
  1378 | D:3      | Reached XP level 4. HP: 44/44 MP: 3/3
  1396 | D:3      | Noticed an ogre
  1402 | D:3      | Killed an ogre
  1403 | D:3      | Reached skill level 4 in Unarmed Combat
  1403 | D:3      | Reached XP level 5. HP: 31/50 MP: 4/4
  1536 | D:3      | Reached skill level 5 in Unarmed Combat
  1540 | D:3      | Found a shimmering blue altar of Sif Muna.
  2036 | D:4      | Noticed Blork the orc
  2044 | D:4      | HP: 1/50 [orc wizard/+0 dagger (3)]
  2045 | D:4      | Mangled by Blork the orc

Illustrated notes

Levels and vault maps discovered:
D:1:      minmay_arrival_three_doors, layout_basic, serial_forest,
          infiniplex_forest_straight_2, infiniplex_forest_clump_diagonal,
          infiniplex_forest_clump_double, infiniplex_forest_clump_small,
          infiniplex_forest_straight_2, infiniplex_forest_end_2
D:2:      layout_rooms, serial_shops, nicolae_shop_tiny_real_fake_doors,
          grunt_ministairs_4, nicolae_titane
D:3:      layout_basic, mainiacjoe_overflow_concentric_impassable
D:4:      layout_gridville, grunt_temple_overflow_open, minmay_cupped,
          uniq_blork_the_orc

Skill      XL: |  1  2  3  4  5 |
---------------+----------------+-----
Unarmed Combat | 1 2 3 4 5 |  5.2
Fighting       | |  2.4
Maces & Flails | |  2.6
Dodging        | |  2.4

Action                     |  1- 3 |  4- 6 || total
---------------------------+-------+-------++-------
  Melee: Unarmed           |   146 |    39 ||   185
 Armour: Robe              |    54 |    30 ||    84
  Dodge: Dodged            |    55 |    23 ||    78

Table legend: (Time is in decaauts)
 A = Elapsed time spent in this place.
 B = Non-inter-level travel time spent in this place.
 C = Inter-level travel time spent in this place.
 D = Time resting spent in this place.
 E = Time spent auto-exploring this place.
 F = Levels seen in this place.
 G = Mean time per level.
                   A        B        C        D        E       F      G
               +--------+--------+--------+--------+--------+-----+--------+
         Total |   2034 |   1949 |     85 |      0 |   1558 |   4 |  508.5 |
       Dungeon |   2034 |   1949 |     85 |      0 |   1558 |   4 |  508.5 |
               +--------+--------+--------+--------+--------+-----+--------+

Top non-repeatable levels by time:
     D:1: 855 daAuts
     D:3: 689 daAuts
     D:2: 474 daAuts
     D:4: 14 daAuts
